 Dungeon Crawl Stone Soup version 0.27-a0-1579-g97d2440184 (webtiles) character file.

Game seed: 1187789679421574983

104 elagabalus the Cudgeller (level 4, 0/28 HPs)
             Began as a Gargoyle Fighter on July 17, 2021.
             Killed by divine providence
             ... invoked by an orc priest
              (12 damage)
             ... on level 3 of the Dungeon on July 18, 2021.
             The game lasted 00:19:34 (2370 turns).

elagabalus the Cudgeller (Gargoyle Fighter)         Turns: 2370, Time: 00:19:34

Health: 0/28       AC: 10    Str: 21    XL:     4   Next: 80%
Magic:  4/4        EV:  7    Int:  8    God:
Gold:   117        SH:  9    Dex:  9    Spells: 3/3 levels left

rFire    . . .     SeeInvis .   a - +1 flail
rCold    . . .     Faith    .   c - +0 kite shield
rNeg     + . .     Spirit   .   b - +0 scale mail
rPois    ∞         Reflect  .   (no helmet)
rElec    +         Harm     .   (no cloak)
rCorr    .         Rampage  .   (no gloves)
Will     .....                  (no boots)
Stlth    ..........             (no amulet)
HPRegen  0.09/turn              (no ring)
MPRegen  0.09/turn              (no ring)

@: no status effects
A: sickness immunity, AC +3, negative energy resistance 1, electricity
resistance, torment resistance 1, petrification resistance
a: no special abilities


You were on level 3 of the Dungeon.
You visited 1 branch of the dungeon, and saw 3 of its levels.

You collected 117 gold pieces.

Inventory:

Hand Weapons
 a - a +1 flail (weapon)
Missiles
 f - 84 stones (quivered)
 h - 8 atropa-tipped darts
 l - 13 poisoned darts
Armour
 b - a +0 scale mail (worn)
 c - a +0 kite shield (worn)
Scrolls
 e - a scroll of amnesia
 k - a scroll of holy word
Potions
 d - a potion of might
 g - a potion of flight {unknown}
 i - a potion of magic {unknown}
 j - a potion of heal wounds


   Skills:
 - Level 3.2 Fighting
 * Level 4.8 Maces & Flails
 - Level 3.2 Armour
 - Level 3.2 Shields


You had 3 spell levels left.
You didn't know any spells.
Your spell library contained the following spells:

 Spells                   Type           Power      Damage    Failure   Level
 Animate Skeleton         Necr           0%         N/A       99%         1
 Apportation              Tloc           0%         N/A       99%         1
 Corona                   Hex            0%         N/A       99%         1
 Summon Small Mammal      Summ           0%         N/A       99%         1


Dungeon Overview and Level Annotations

Branches:
Dungeon (3/15)

Altars:
Okawaru


Innate Abilities, Weirdness & Mutations

You are immune to sickness and miasma.
Your stone body is resilient. (AC +3)
You are immune to poison.
You resist negative energy. (rN+)
You are resistant to electric shocks. (rElec)
You are resistant to unholy torment.
You are immune to petrification.


Message History

You thump the orc wizard!
The orc wizard is almost dead.
The orc priest looks encouraged for a moment.
The orc wizard hits you with a +0 dagger.
You hit the orc wizard but do no damage.
The orc wizard is almost dead.
The orc wizard gestures at you while chanting.
The magic dart hits you.
The orc wizard hits you but does no damage.
You closely miss the orc wizard.
The orc wizard is almost dead.
The orc wizard hits you with a +0 dagger.
You sock the orc wizard!
You kill the orc wizard!
The orc priest invokes the aid of Beogh against you.
You barely resist.
The orc priest invokes the aid of Beogh against you.
You barely resist.
The orc priest shouts!
The orc priest hits you with a +0 short sword.
Things that are here:
a +0 dagger; a +0 robe You closely miss the orc priest.
You block the orc priest's attack.
The orc priest hits you with a +0 short sword.
You sock the orc priest!
The orc priest is heavily wounded.
The orc priest hits you but does no damage.
You block the orc priest's attack.
You closely miss the orc priest. The orc priest barely misses you.
The orc priest hits you with a +0 war axe.
You hit the orc priest.
The orc priest is moderately wounded.
The orc priest mumbles some strange prayers to Beogh against you.
You barely resist. You hit the orc priest.
The orc priest is severely wounded.
The orc priest casts a cantrip, but nothing happens.
The orc priest mumbles some strange prayers to Beogh against you.
Beogh smites you!
You die...

### ###
#.########.#
#.......@oo#
#.########.#
#.# #.# #.#
#.# #.# ...
#.# ... #.#
..... #.#
##.## #.#
#.#


You could see 2 orc priests.

Vanquished Creatures
  An orc wizard (D:3)
  2 adders (D:3)
  2 dart slugs (D:1)
  3 orcs (D:3)
  6 ball pythons
  4 endoplasms
  2 giant cockroaches (D:1)
  5 goblins
  4 hobgoblins
  9 jackals
  A quokka (D:1)
  4 bats
  2 frilled lizards
  2 kobolds
  4 rats
51 creatures vanquished.

Notes
Turn   | Place    | Note
-------+----------+-------------------------------------------
     0 | D:1      | elagabalus the Gargoyle Fighter began the quest for the
                  | Orb.
     0 | D:1      | Reached XP level 1. HP: 14/14 MP: 1/1
   149 | D:1      | Reached XP level 2. HP: 17/19 MP: 2/2
   207 | D:1      | Reached skill level 3 in Maces & Flails
   450 | D:1      | Found a faded altar of an unknown god.
   455 | D:1      | Reached XP level 3. HP: 21/23 MP: 3/3
  2048 | D:3      | Reached skill level 4 in Maces & Flails
  2061 | D:3      | Reached XP level 4. HP: 23/28 MP: 4/4
  2248 | D:3      | Found an iron altar of Okawaru.
  2370 | D:3      | Killed from afar by an orc priest

Illustrated notes

Levels and vault maps discovered:
D:1:      onia_arrival_pentagram, layout_loops_ring,
          hellmonk_ecumenical_altar_zigzags, minivault_19
D:2:      layout_basic, serial_forest, infiniplex_forest_clump_diagonal,
          infiniplex_forest_clump_cross, infiniplex_forest_lined_room_,
          infiniplex_forest_clump_medium, infiniplex_forest_lined_2,
          infiniplex_forest_lined_3_way
D:3:      layout_basic, mainiacjoe_overflow_concentric_impassable, serial_glass,
          glass_columns_b, glass_columns_a, glass_columns_b, glass_columns_a,
          glass_columns_c, glass_columns_b, glass_columns_c, glass_columns_a,
          feat_on_display, due_unseen_surprise

Skill      XL: |  1  2  3 |
---------------+----------+-----
Maces & Flails | 3 4 |  4.8
Fighting       | |  3.2
Armour         | |  3.2
Shields        | |  3.2

Action                   |  1- 3 |  4- 6 || total
-------------------------+-------+-------++-------
Melee: Flail             |   126 |    39 ||   165
  Use: Scroll            |     5 |       ||     5
Armor: Scale mail        |    80 |    20 ||   100
Dodge: Dodged            |    35 |    10 ||    45
Block: Kite shield       |    69 |    16 ||    85

Table legend: (Time is in decaauts)
 A = Elapsed time spent in this place.
 B = Non-inter-level travel time spent in this place.
 C = Inter-level travel time spent in this place.
 D = Time resting spent in this place.
 E = Time spent auto-exploring this place.
 F = Levels seen in this place.
 G = Mean time per level.
                   A        B        C        D        E       F      G
               +--------+--------+--------+--------+--------+-----+--------+
         Total |   2444 |    555 |   1889 |      0 |      0 |   3 |  814.7 |
       Dungeon |   2444 |    555 |   1889 |      0 |      0 |   3 |  814.7 |
               +--------+--------+--------+--------+--------+-----+--------+

Top non-repeatable levels by time:
     D:2: 1261 daAuts
     D:1: 823 daAuts
     D:3: 360 daAuts
